 Dungeon Crawl Stone Soup version 0.17-a0-1650-gce8475a (webtiles) character file.

242 urechis the Chiller (level 6, -4/41 HPs)
             Began as a Merfolk Ice Elementalist on Aug 13, 2015.
             Was a Follower of Yredelemnul.
             Slain by a wasp zombie (8 damage)
             ... on level 3 of the Dungeon.
             The game lasted 00:08:22 (4609 turns).

urechis the Chiller (Merfolk Ice Elementalist)      Turns: 4609, Time: 00:08:22

Health: -4/41      AC:  9    Str:  9    XL:     6   Next: 9%
Magic:  9/13       EV: 12    Int: 14    God:    Yredelemnul [*.....]
Gold:   135        SH:  0    Dex: 16    Spells: 3 memorised, 6 levels left

rFire  + . .     SeeInvis .     b - +0 dagger (venom)
rCold  + . .     Clarity  .     r - +1 leather armour {rF+}
rNeg   . . .     SustAt   .     (no shield)
rPois  .         Gourm    .     (no helmet)
rElec  .         Spirit   .     (no cloak)
rCorr  .         Warding  .     (no gloves)
rMut   .         Stasis   .     (no boots)
MR     .....                    (no amulet)
Stlth  ++........               (no ring)
                                p - ring of protection from cold

@: icy armour, not resistant to hostile enchantments, unstealthy
A: change form in water, swift swim
a: Animate Remains, Renounce Religion


You were on level 3 of the Dungeon.
You worshipped Yredelemnul.
Yredelemnul was aware of your devotion.
You were not hungry.

You visited 1 branch of the dungeon, and saw 3 of its levels.

You collected 135 gold pieces.

Inventory:

Hand weapons
 a - a +0 spear
 b - a +0 dagger of venom (weapon)
Armour
 h - a +0 robe
 r - a +1 leather armour of fire resistance (worn)
Jewellery
 p - a ring of protection from cold (left hand)
Scrolls
 d - a scroll of enchant weapon {unknown}
 f - a scroll of blinking {unknown}
 g - 2 scrolls of remove curse {unknown}
 i - a scroll of immolation {unknown}
 m - a scroll of magic mapping {unknown}
 n - a scroll of fog {unknown}
 q - a scroll of identify {unknown}
Potions
 e - a potion of heal wounds {unknown}
 j - a potion of cure mutation {unknown}
 o - a potion of agility {unknown}
Books
 l - a book of Frost

   Spells                             Type                      Level
   a - Freeze                         Ice                          1
   b - Throw Frost                    Conjuration/Ice              2
   c - Ozocubu's Armour               Charms/Ice                   3
   d - Throw Icicle                   Conjuration/Ice              4
   e - Summon Ice Beast               Ice/Summoning                4
   f - Condensation Shield            Ice                          4
Comestibles
 c - 2 bread rations


   Skills:
 - Level 2.6 Dodging
 - Level 2.1 Stealth
 * Level 4.8 Spellcasting
   Level 0.7 Conjurations
 + Level 4.9 Ice Magic


You had 6 spell levels left.
You knew the following spells:

 Your Spells              Type           Power        Failure   Level  Hunger
a - Freeze                Ice            ###.         3%          1    None
b - Ozocubu's Armour      Chrm/Ice       ##......     30%         3    ###....
c - Condensation Shield   Ice            ###.......   34%         4    ####...


Dungeon Overview and Level Annotations

Branches:
Dungeon (3/15)

Altars:
Dithmenos
Fedhas
Kikubaaqudgha
Nemelex Xobeh
Okawaru
Sif Muna
Yredelemnul


Message History

The wasp zombie hits your adder zombie.
Your adder zombie bites the wasp zombie but does no damage.
The wasp zombie hits your adder zombie!
Your adder zombie is destroyed!
Casting: Freeze
Confirm with . or Enter, or press ? or * to list all spells.
A film of ice covers your body!
You closely miss the wasp zombie. The wasp zombie hits you.
* * * LOW HITPOINT WARNING * * *
You closely miss the wasp zombie.
The wasp zombie hits you but does no damage.
The wasp zombie closely misses you.
You hit the wasp zombie. The wasp zombie barely misses you.
You hit the wasp zombie. The wasp zombie closely misses you.
You barely miss the wasp zombie. The wasp zombie hits you.
* * * LOW HITPOINT WARNING * * *
You hit the wasp zombie but do no damage.
The wasp zombie hits you!
You die...
Your body rises from the dead as a mindless zombie.

.....# #.# #.###.# # #########
###### #.###..##.######.# # #
#.........##...#.# # ##
######.#####.#...# ## .## #.#
#...### ##. ..## ### #.# ##Z####
##.. ...## ##.###.### #)##.##
##...
....####...[...)####.#...####....
....'...........@Z..........+....
....####......#.###......####....
...## #..#.###.# #.....## ##...
..## #.##.# #.# #.....# ##.. )##
#.##.###.# #.....# ##. ##
#........# ###.### ## #
####.##### #.# # ## #.#
#.########### .## #.#
#..........##


You could see a wasp zombie.

Vanquished Creatures
  An ogre (D:3)
  4 gnolls (D:3)
  6 adders
  A shadow imp (D:2)
  4 worms
  2 ball pythons
  5 bats
  4 giant cockroaches
  7 goblins
  8 hobgoblins
  4 jackals (D:1)
  A quokka (D:3)
  3 giant newts
  11 kobolds
  7 rats
68 creatures vanquished.

Vanquished Creatures (others)
  2 adder zombies (D:3)
  A hobgoblin zombie (D:3)
  A rat zombie (D:3)
4 creatures vanquished.

Grand Total: 72 creatures vanquished

Notes
Turn   | Place    | Note
--------------------------------------------------------------
     0 | D:1      | urechis the Merfolk Ice Elementalist began the quest for the Orb.
     0 | D:1      | Reached XP level 1. HP: 13/13 MP: 3/3
   142 | D:1      | Reached XP level 2. HP: 11/19 MP: 1/5
   908 | D:1      | Reached XP level 3. HP: 15/24 MP: 2/7
   913 | D:1      | Learned a level 3 spell: Ozocubu's Armour
  1659 | D:2      | Reached skill level 4 in Ice Magic
  1674 | D:2      | Found a basalt altar of Yredelemnul.
  1797 | D:2      | Found a sparkling altar of Nemelex Xobeh.
  1799 | D:2      | Became a worshipper of Yredelemnul the Dark
  1802 | D:2      | Found an iron altar of Okawaru.
  1804 | D:2      | Found a shadowy altar of Dithmenos.
  1806 | D:2      | Found an ancient bone altar of Kikubaaqudgha.
  1871 | D:2      | Reached XP level 4. HP: 22/30 MP: 1/9
  1997 | D:2      | Found a blossoming altar of Fedhas.
  2687 | D:3      | Noticed an ogre
  2696 | D:3      | Killed an ogre
  2696 | D:3      | Reached XP level 5. HP: 14/35 MP: 6/11
  2935 | D:3      | Learned a level 4 spell: Condensation Shield
  3266 | D:3      | Found a deep blue altar of Sif Muna.
  3411 | D:3      | Acquired Yredelemnul's first power
  4285 | D:3      | Reached XP level 6. HP: 14/41 MP: 2/13
  4609 | D:3      | Slain by a wasp zombie

Vault maps used:
D:1:      matt_arrival_grand_opening
D:2:      minitemple, fedhas_altar_4
D:3:      lemuel_blue_sif_altar

Action                   |  1- 3 |  4- 6 || total
-------------------------+-------+-------++-------
Melee: Whip              |    13 |       ||    13
       Spear             |    42 |     2 ||    44
       Dagger            |     5 |    64 ||    69
 Cast: Freeze            |    51 |    50 ||   101
       Ozocubu's Armour  |       |     2 ||     2
Invok: Animate Remains   |       |     4 ||     4
 Stab: Sleeping          |     5 |     5 ||    10
       Distracted        |       |     1 ||     1
  Eat: Chunk             |     3 |     6 ||     9
       Meat ration       |       |     1 ||     1
